 Dungeon Crawl Stone Soup version 0.17.0-28-g6e173f8 (webtiles) character file.

1411 Ijustatesigmund the Covert (level 8, -1/38 HPs)
             Began as a Vine Stalker Assassin on Nov 26, 2015.
             Was an Elder of Cheibriados.
             Slain by an orc warrior
             ... wielding a +0 hand axe
              (15 damage)
             ... on level 6 of the Dungeon.
             The game lasted 00:19:05 (5463 turns).

Ijustatesigmund the Covert (Vine Stalker Assassin)  Turns: 5463, Time: 00:19:06

Health: -1/38      AC:  4    Str: 24    XL:     8   Next: 70%
Magic:  0/9        EV: 12    Int: 23    God:    Cheibriados [****..]
Gold:   289        SH:  0    Dex: 26    Spells: 0 memorised, 7 levels left

rFire  . . .     SeeInvis .     a - +2 dagger
rCold  . . .     Clarity  .     D - +1 robe {MR+}
rNeg   . . .     SustAt   .     (no shield)
rPois  .         Gourm    .     (no helmet)
rElec  .         Spirit   +     d - +0 cloak
rCorr  .         Warding  .     (no gloves)
rMut   .         Stasis   .     (no boots)
MR     ++...                    (no amulet)
Stlth  +++++.....               (no ring)
                                l - ring of invisibility

@: very slow, very resistant to hostile enchantments, quite stealthy
A: fangs 3, regeneration 2, magic shield, antimagic bite, no device heal 3, rot
immunity
a: Bend Time, Temporal Distortion, Slouch, Renounce Religion, Evoke Invisibility


You were on level 6 of the Dungeon.
You worshipped Cheibriados.
Cheibriados was greatly pleased with you.
You were not hungry.

You visited 1 branch of the dungeon, and saw 6 of its levels.
You also visited: Sewer.

You collected 289 gold pieces.

Inventory:

Hand Weapons
 a - a +2 dagger (weapon)
 b - a +1 blowgun
Missiles
 e - 15 poisoned needles
 m - 7 tomahawks (quivered)
 o - 2 curare-tipped needles
Armour
 d - a +0 cloak (worn)
 u - a +0 leather armour
 D - a +1 robe of magic resistance (worn)
Jewellery
 l - a ring of invisibility (left hand)
 A - a cursed ring of loudness {unknown}
Wands
 t - a wand of fire (8)
 y - a wand of lightning (6)
Scrolls
 c - a scroll of magic mapping {unknown}
 i - 3 scrolls of teleportation
 v - a scroll of amnesia
 w - 2 scrolls of remove curse
 B - a scroll of identify
 E - a scroll of vulnerability {unknown}
Potions
 f - a potion of brilliance
 h - a potion of lignification {unknown}
 k - 2 potions of curing
 n - a potion of might {unknown}
 p - a potion of flight
 q - a potion of heal wounds {unknown}
 r - a potion of cancellation {unknown}
 s - a potion of berserk rage {unknown}
 z - 3 potions of agility
 C - a potion of haste {unknown}
Comestibles
 g - 7 bread rations
 j - 2 meat rations
 x - 3 fruits


   Skills:
 - Level 1.7 Fighting
 + Level 5.8 Short Blades
 + Level 5.7 Throwing
 - Level 0.7 Dodging
 + Level 9.2 Stealth


You had 7 spell levels left.
You didn't know any spells.

Dungeon Overview and Level Annotations

Branches:
Dungeon (6/15)             Temple (0/1) D:4

Altars:
Ashenzari
Cheibriados
Gozag
Makhleb
Trog
Xom
Zin
The Shining One


Innate Abilities, Weirdness & Mutations

You have razor-sharp teeth.
You heal very quickly.
When hurt, damage is shared between your health and your magic reserves.
Your bite disrupts and absorbs the magic of your enemies.
Potions and wands cannot restore your health.
You are immune to rotting.


Message History

You hit the orc warrior but do no damage.
You bite the orc warrior. You drain its power.
The orc warrior is lightly wounded.
The orc throws a tomahawk.
The tomahawk barely misses you.
The orc warrior hits you with a hand axe.
You hit the orc warrior. Your bite misses the orc warrior.
The orc warrior is moderately wounded.
The orc throws a tomahawk.
The tomahawk hits you.
You closely miss the orc warrior. Your bite misses the orc warrior.
The orc warrior is moderately wounded.
The orc warrior hits you with a hand axe.
You barely miss the orc warrior. Your bite misses the orc warrior.
The orc warrior is moderately wounded.
The orc throws a tomahawk.
The tomahawk hits you!
The orc warrior hits you with a hand axe!
An orc wizard comes into view. It is wielding a dagger.
The orc wizard shouts!
The orc throws a tomahawk.
The tomahawk completely misses you.
The orc warrior hits you with a hand axe!!
You die...

### ..# #.# #.#
#.# ####.##
#.....#
#.##..##########
#.##......<.@((#
#.##[######.#o.#
#.##.......###(#
#.#########.#..#
#.# #.#.# #.#
#.#o# #.# # #.o
#.# ### #.#


You could see an orc warrior.

Vanquished Creatures
  Prince Ribbit (D:5)
  An ice beast (D:5)
  The ghost of M4edhros the Sneak, an amateur OpWn (Sewer)
  An ogre (D:3)
  4 big kobolds (Sewer)
  A giant frog (D:4)
  A crimson imp (D:5)
  Crazy Yiuf (D:2)
  2 hounds (D:4)
  An orc priest (D:3)
  2 orc wizards
  Natasha (thrice) (D:2)
  A killer bee zombie (D:5)
  2 worker ants
  A hound skeleton (D:4)
  13 adders
  5 river rats
  8 oozes
  5 worms
  5 giant geckos
  12 orcs
  10 bats
  7 giant cockroaches
  6 hobgoblins
  10 jackals
  3 quokkas
  6 ball pythons
  4 giant newts
  7 goblins
  12 kobolds
  A quokka skeleton (D:5)
  A quokka zombie (D:6)
  15 rats
153 creatures vanquished.

Notes
Turn   | Place    | Note
--------------------------------------------------------------
     0 | D:1      | Ijustatesigmund the Vine Stalker Assassin began the quest for the Orb.
     0 | D:1      | Reached XP level 1. HP: 11/11 MP: 2/2
   100 | D:1      | Reached skill level 5 in Stealth
   100 | D:1      | Reached XP level 2. HP: 13/15 MP: 3/3
   810 | D:2      | Reached XP level 3. HP: 15/18 MP: 2/4
   913 | D:2      | Noticed an angel
   913 | D:2      | Found a shimmering altar of Xom.
   915 | D:2      | Found a glowing silver altar of Zin.
   982 | D:2      | Found a glowing golden altar of the Shining One.
  1062 | D:2      | Found a burning altar of Makhleb.
  1062 | D:2      | Noticed Natasha
  1066 | D:2      | Killed Natasha
  1066 | D:2      | Reached XP level 4. HP: 23/23 MP: 5/5
  1201 | D:2      | Noticed Natasha
  1220 | D:2      | Killed Natasha
  1374 | D:2      | Noticed Crazy Yiuf
  1385 | D:2      | Killed Crazy Yiuf
  1385 | D:2      | Reached XP level 5. HP: 26/26 MP: 6/6
  1861 | D:2      | Noticed Natasha
  1865 | D:2      | Killed Natasha
  1917 | D:3      | Found a snail-covered altar of Cheibriados.
  1922 | D:3      | Reached skill level 6 in Stealth
  1941 | D:3      | Became a worshipper of Cheibriados the Contemplative
  2217 | D:3      | Found a glowing drain.
  2236 | D:3      | HP: 1/26 [river rat (1)]
  2242 | D:3      | HP: 1/26 [giant cockroach (1)]
  2245 | D:3      | Reached * piety under Cheibriados
  2258 | Sewer    | Entered a sewer
  2279 | Sewer    | Noticed M4edhros's ghost (amateur OpWn)
  2669 | Sewer    | Gained mutation: You heal very quickly. [Vine Stalker growth]
  2669 | Sewer    | Reached XP level 6. HP: 16/30 MP: 7/7
  3029 | Sewer    | Reached skill level 7 in Stealth
  3029 | Sewer    | Reached XP level 7. HP: 31/34 MP: 8/8
  3057 | Sewer    | Killed M4edhros's ghost
  3270 | Sewer    | Reached ** piety under Cheibriados
  3596 | D:3      | Noticed an ogre
  3606 | D:3      | Killed an ogre
  4102 | D:4      | Reached skill level 8 in Stealth
  4104 | D:4      | Reached skill level 5 in Short Blades
  4226 | D:4      | Gained mutation: You have razor-sharp teeth. [Vine Stalker growth]
  4226 | D:4      | Reached XP level 8. HP: 36/38 MP: 9/9
  4327 | D:4      | Found a staircase to the Ecumenical Temple.
  4355 | D:4      | Reached *** piety under Cheibriados
  4407 | D:4      | Found a bloodstained altar of Trog.
  4528 | D:4      | Reached skill level 5 in Throwing
  4749 | D:5      | Entered Level 5 of the Dungeon
  4818 | D:5      | Found a shattered altar of Ashenzari.
  4818 | D:5      | Noticed Prince Ribbit
  4828 | D:5      | Killed Prince Ribbit
  4912 | D:5      | Reached **** piety under Cheibriados
  4960 | D:5      | Reached skill level 9 in Stealth
  5396 | D:6      | Found an opulent altar of Gozag.
  5463 | D:6      | Slain by an orc warrior

Action                   |  1- 3 |  4- 6 |  7- 9 || total
-------------------------+-------+-------+-------++-------
Melee: Dagger            |    87 |   235 |   222 ||   544
 Fire: Blowgun           |     5 |    10 |    13 ||    28
Throw: Tomahawk          |       |       |     9 ||     9
 Abil: Evoke Invisibilit |       |     2 |     1 ||     3
Evoke: Wand              |       |     2 |     1 ||     3
  Use: Scroll            |     7 |     2 |     5 ||    14
       Potion            |       |     1 |     2 ||     3
 Stab: Sleeping          |     5 |     9 |    15 ||    29
       Invisible         |       |       |     1 ||     1
       Distracted        |       |       |     1 ||     1
  Eat: Chunk             |       |     7 |     4 ||    11
